 Dungeon Crawl Stone Soup version 0.29.1-4-g47bece8355 (webtiles) character file.

Game seed: 6081828263933330593

450 KittyFluff the Cudgeller (level 7, -7/44 HPs)
             Began as a Gargoyle Berserker on Dec 1, 2022.
             Was a Priest of Trog.
             Mangled by an ogre
             ... wielding a +0 giant spiked club
              (23 damage)
             ... on level 4 of the Dungeon.
             The game lasted 00:13:54 (4146 turns).

KittyFluff the Cudgeller (Gargoyle Berserker)       Turns: 4146, Time: 00:13:55

Health: -7/44      AC: 11    Str: 25    XL:     7   Next: 4%
Magic:  7/7        EV: 12    Int:  7    God:    Trog [***...]
Gold:   251        SH:  0    Dex: 11    Spells: 6/6 levels left

rFire   . . .      SeeInvis .   a - +0 mace
rCold   . . .      Faith    .   (no shield)
rNeg    + . .      Spirit   .   s - +2 robe "Kitwebed" {Str+4 Stlth- Archmagi}
rPois   ∞          Reflect  .   (no helmet)
rElec   +          Harm     .   i - +0 cloak
rCorr   .          Rampage  .   n - +0 pair of gloves
Will    .....      Archmagi +   (no boots)
Stlth   +.........              (no amulet)
HPRegen 0.14/turn               (no ring)
MPRegen 0.10/turn               (no ring)

@: on berserk cooldown, slowed, very slow
A: sickness immunity, AC +4, negative energy resistance 1, electricity
resistance, torment resistance 1, petrification resistance
a: Renounce Religion, Berserk, Trog's Hand


You were on level 4 of the Dungeon.
You worshipped Trog.
Trog was most pleased with you.
You visited 1 branch of the dungeon, and saw 4 of its levels.

You collected 251 gold pieces.

Inventory:

Hand Weapons
 a - a +0 mace (weapon)
 u - a +1 morningstar of protection
Missiles
 h - 5 boomerangs (quivered)
 k - 23 stones
 p - 3 atropa-tipped darts
 t - 4 javelins
Armour
 b - a +0 animal skin
 i - a +0 cloak (worn)
 n - a +0 pair of gloves (worn)
 s - the +2 robe "Kitwebed" (worn) {Str+4 Stlth- Archmagi}
   (You found it on level 3 of the Dungeon)

   Str:       It affects your strength (+4).
   Archmagi:  It increases the power of your magical spells.
   Stlth:     It makes you less stealthy.
Magical Staves
 r - a staff of death
Scrolls
 d - 3 scrolls of butterflies
 e - 2 scrolls of teleportation {unknown}
 v - a scroll of poison {unknown}
 w - a scroll of immolation {unknown}
Potions
 c - 2 potions of mutation
 f - 2 potions of attraction {unknown}
 g - a potion of invisibility {unknown}
 j - a potion of lignification {unknown}
 l - 2 potions of berserk rage {unknown}
 m - 5 potions of curing {unknown}
 o - a potion of magic {unknown}
 q - 2 potions of might {unknown}


   Skills:
 + Level 4.4 Fighting
 + Level 4.9 Maces & Flails
 * Level 2.0 Throwing
 * Level 4.0 Armour
 + Level 2.7 Dodging
 + Level 1.4 Stealth


You had 6 spell levels left.
You didn't know any spells.
Your spell library was empty.

Dungeon Overview and Level Annotations

Branches:
Dungeon (4/15)
 Temple: D:4-7

Altars:
Gozag

Shops:
D:4 *


Innate Abilities, Weirdness & Mutations

You are immune to sickness and miasma.
Your stone body is resilient. (AC +4)
You are immune to poison.
You resist negative energy. (rN+)
You are resistant to electric shocks. (rElec)
You are resistant to unholy torment.
You are immune to petrification.


Message History

You kill the scorpion!
Trog accepts your kill. The orc hits you with a +0 mace.
The orc hits you but does no damage.
You bludgeon the scorpion!!
You kill the scorpion!
Trog accepts your kill. The orc barely misses you.
The orc hits you with a +0 hand axe.
Your Throwing skill increases to level 2!
Your Armour skill increases to level 4!
You have reached level 7!
You thump the orc!
You kill the orc!
Trog accepts your kill.
You sock the orc!
You kill the orc!
Trog accepts your kill.
Things that are here:
a +0 mace; a +0 leather armour; an orc corpse You feel a strong urge to attack something.
w - a scroll labelled DIULIS WOAGA
Things that are here:
a +0 hand axe; an orc corpse You feel your anger nearly subside.
You are no longer berserk.
You are exhausted.
You feel yourself slow down.
You hear the quick rusting of a distant drain.
Found a stone staircase leading down.
A quokka comes into view.
You closely miss the quokka. The quokka bites you. x2
You hit the quokka.
You kill the quokka!
Trog accepts your kill.
An ogre comes into view. It is wielding a +0 giant spiked club.
Found an escape hatch in the floor.
The ogre shouts!
An iguana comes into view.
Found a scroll labelled BAICZO KOFU.
The ogre hits you with a +0 giant spiked club!!
Ouch! That really hurt!
You die...

##.............###...
.............# ...
.............###...
#........#........
........#........
##...............
.................
#.##.............
#....@......###.>
#l..O.......# #.
............###
#.>....#....#
#.....##...## ##....
....# .....?...###
........##


You could see an ogre and an iguana.

Vanquished Creatures
  An ogre (D:4)
  A bullfrog (D:3)
  2 scorpions (D:4)
  A jelly (D:3)
  Terence (D:3)
  5 adders (D:3)
  A worm (D:4)
  2 dart slugs
  9 orcs
  6 ball pythons
  2 bats
  7 endoplasms
  3 giant cockroaches
  8 goblins
  7 hobgoblins
  7 jackals
  2 kobolds
  4 quokkas
  3 frilled lizards
  3 rats
75 creatures vanquished.

Notes
Turn   | Place    | Note
-------+----------+-------------------------------------------
     0 | D:1      | KittyFluff the Gargoyle Berserker began the quest for the
                  | Orb.
     0 | D:1      | Reached XP level 1. HP: 14/14 MP: 1/1
    29 | D:1      | Found a faded altar of an unknown god.
   243 | D:1      | Reached XP level 2. HP: 19/19 MP: 2/2
   259 | D:1      | You fall into a shaft and drop 1 floor!
  1209 | D:1      | Reached XP level 3. HP: 24/24 MP: 3/3
  2295 | D:3      | Reached ** piety under Trog
  2458 | D:3      | Reached XP level 4. HP: 24/29 MP: 4/4
  2880 | D:3      | Noticed a bullfrog
  2887 | D:3      | Reached skill level 1 in Throwing
  2893 | D:3      | Killed a bullfrog
  2894 | D:3      | Reached skill level 1 in Stealth
  2894 | D:3      | Reached XP level 5. HP: 23/33 MP: 5/5
  3173 | D:3      | Noticed Terence
  3183 | D:3      | Killed Terence
  3429 | D:3      | Reached XP level 6. HP: 34/38 MP: 6/6
  3588 | D:3      | Identified the +2 robe "Kitwebed" {Str+4 Stlth- Archmagi}
  3656 | D:4      | Found Gozag's Platinum Reserve.
  3685 | D:4      | Found an opulent altar of Gozag.
  4114 | D:4      | Reached *** piety under Trog
  4123 | D:4      | Reached XP level 7. HP: 24/44 MP: 7/7
  4146 | D:4      | Mangled by an ogre

Illustrated notes

Levels and vault maps discovered:
D:1:      wander_arrival_fairy_ring, layout_basic,
          shapermc_ecumenical_altar_mp_vishouse, amcnicky_mini_corridor_feature
D:2:      layout_basic
D:3:      layout_basic, uniq_terence
D:4:      layout_cave_pools, nicolae_gozag_zags_fifth_avenue,
          minmay_temple_entry_nine_rooms, lightli_sewer_entry_pipes,
          uniq_crazy_yiuf_cottage

Skill      XL: |  1  2  3  4  5  6 |
---------------+-------------------+-----
Fighting       | 4 |  4.4
Armour         | 3 4 |  4.0
Maces & Flails | 4 |  4.9
Throwing       | 1 2 |  2.0
Dodging        | 2 |  2.7
Stealth        | 1 |  1.4

Action                   |  1- 3 |  4- 6 |  7- 9 || total
-------------------------+-------+-------+-------++-------
Melee: Mace              |   102 |   135 |     4 ||   241
       Punch             |     1 |       |       ||     1
Throw: Boomerang         |       |     5 |       ||     5
Invok: Berserk           |       |     1 |       ||     1
  Use: Scroll            |     3 |       |       ||     3
Armor: Animal skin       |    47 |    37 |       ||    84
       Robe              |       |    61 |       ||    61
Dodge: Dodged            |    56 |   129 |       ||   185
